 Dungeon Sprint DCSS version 0.16-a0-3803-gd4b2de5 (console) character file.

62292 Monkaria the Tortoise (level 15, -4/136 HPs)
             Began as a Hill Orc Fighter on Jan 26, 2015.
             Was a High Priest of Makhleb.
             Killed from afar by Jory (68 damage)
             ... with a crystal spear
             ... in the Dungeon (Sprint IX: "|||||||||||||||||||||||||||||").
             The game lasted 00:34:02 (8323 turns).

Monkaria the Tortoise (Hill Orc Fighter)            Turns: 8323, Time: 00:34:02

Health: -4/136     AC: 25    Str: 26    XL:     15   Next: 5%
Magic:  32/32      EV: 14    Int:  8    God:    Makhleb [*****.]
Gold:   629        SH: 20    Dex: 12    Spells: 0 memorised, 14 levels left

rFire  + . .     SeeInvis .     r - +4 scimitar (holy)
rCold  + + .     Clarity  +     G - +0 plate armour {rC+}
rNeg   . . .     SustAb   .     e - +0 large shield
rPois  .         Gourm    .     s - +2 helmet
rElec  .         Spirit   .     H - +1 cloak
rCorr  .         Warding  .     S - +1 pair of gloves
rMut   .         NoTele   +     B - +0 pair of boots
MR     +....                    O - amulet of clarity
Stlth  ..........               C - ring of protection from cold
                                K - ring of protection from fire

@: very slightly contaminated, somewhat resistant to hostile enchantments,
extremely unstealthy
A: agile 1, blurry vision 1, deformed body, frail 1, spit poison 1
a: Spit Poison, Minor Destruction, Lesser Servant of Makhleb, Major Destruction,
Greater Servant of Makhleb, Renounce Religion


You were in the Dungeon.
You worshipped Makhleb.
Makhleb was extremely pleased with you.
You were near starving.

You visited 1 branch You collected 1914 gold pieces.
You spent 1285 gold pieces at shops.

Inventory:

Hand weapons
 a - a +3 eudemon blade of holy wrath
 g - the +7 war axe "Egridusa" {elec, rN+ Int+3}
   (You found it in the Dungeon)

   Occasionally, upon striking a foe, it will discharge some electrical energy
   and cause terrible harm.
   It affects your intelligence (+3).
   It protects you from negative energy.
 q - the +2 rapier "Plerphio" {venom, rPois+ Int+4}
   (You found it in the Dungeon)

   It poisons the flesh of those it strikes.
   It affects your intelligence (+4).
   It protects you from poison.
 r - a +4 scimitar of holy wrath (weapon)
 D - a +3 scimitar of flaming
 N - the +12 morningstar of Modesty {venom, Contam rPois+}
   (You found it in the Dungeon)

   It poisons the flesh of those it strikes.
   It protects you from poison.
   It causes magical contamination when unequipped.
Armour
 c - a +2 shield
 e - a +0 large shield (worn)
 s - a +2 helmet (worn)
 B - a +0 pair of boots (worn)
 G - a +0 plate armour of cold resistance (worn)
 H - a +1 cloak (worn)
 Q - a +2 mottled dragon armour
 R - a +0 swamp dragon armour
 S - a +1 pair of gloves (worn)
 U - an ice dragon hide
Jewellery
 u - a +3 ring of intelligence
 v - a +2 ring of evasion
 y - an uncursed ring of positive energy
 C - a ring of protection from cold (right hand)
 I - an uncursed ring of fire
 J - a +5 ring of dexterity
 K - a ring of protection from fire (left hand)
 L - an uncursed ring of see invisible
 M - an uncursed amulet of resist corrosion
 O - an amulet of clarity (around neck)
Magical devices
 p - a wand of draining (0)
Scrolls
 d - 2 scrolls of fog
 n - 4 scrolls of remove curse
 o - 2 scrolls of amnesia
 w - 3 scrolls of fear
 E - a scroll of identify
 F - a scroll of immolation
Potions
 b - a potion of restore abilities
 f - 6 potions of curing
 h - a potion of haste
 i - 4 potions of magic
 j - a potion of berserk rage
 l - a potion of invisibility
 m - 4 potions of heal wounds
 t - a potion of ambrosia
Comestibles
 x - 40 fruits
 z - 12 bread rations
 A - 10 meat rations


   Skills:
 - Level 19.2 Fighting
 - Level 19.4 Long Blades
 - Level 20.0 Armour
 - Level 17.8 Dodging
 + Level 14.2 Shields
 - Level 16.0 Invocations


You had 14 spell levels left.
You didn't know any spells.

Dungeon Overview and Level Annotations

Branches:
Dungeon (1/1)

Altars:
Cheibriados
Dithmenos
Elyvilon
Fedhas
Gozag
Kikubaaqudgha
Makhleb
Nemelex Xobeh
Okawaru
Qazlal
Ru
Sif Muna
Trog
Vehumet
Xom
Yredelemnul
Zin
The Shining One
Beogh
Jiyva
Lugonu

Shops:
D =?(}

Annotations:
D Boris, Jory


Innate Abilities, Weirdness & Mutations

You are agile. (Dex +2)
Scrolls take you a little longer to read.
Armour fits poorly on your strangely shaped body.
You are frail (-10% HP).
You can spit poison.


Message History

Jory is moderately damaged.
Jory hits you with a war axe! You block Jory's attack.
You hear some strange, mumbled words.
The iron shot hits you!
Read which item? (? for menu, Esc to quit)
You begin reading the scroll.
You continue reading the scroll.
Jory hits you but does no damage. Jory bites you.
Jory draws strength from your injuries! Something hits you.
You block its attack.
Blink to where?
Press: ? - help, Dir - move target cursor You are very lightly contaminated with residual magic.
As you read the scroll of blinking, it crumbles to dust.
Use which ability? (? or * to list)
A demon appears!
You feel somewhat more hungry.
Jory blinks!
Jory gestures at you while chanting.
The crystal spear misses your cacodemon.
The crystal spear hits you!
Ouch! That really hurt!
You die...

..).............)................
▓▓▓▓▓▓▓▓▓▓▓▓▓▓▓▓▓♣♣♣♣♣♣♣♣♣♣▓▓▓▓▓▓
(.....(')..).....'.........')....
▓▓▓▓▓▓▓▓▓▓▓▓▓▓▓▓▓♣♣♣♣♣♣♣♣♣♣▓▓▓▓▓▓
....)..................÷...(((...
▓▓▓▓▓▓▓▓▓▓▓▓▓▓▓▓▓▓▓▓▓▓▓▓▓▓▓▓▓▓▓▓▓
(......)+.().((.))).....[.....'..
▓▓▓▓▓▓▓▓▓▓▓▓▓▓▓▓▓▓▓▓▓▓▓▓▓▓▓▓▓▓▓▓▓
)..[.Z..{....V2.@................
▓▓▓▓▓▓▓▓▓▓▓▓▓▓▓▓▓▓▓▓▓▓▓▓▓▓▓▓▓▓▓▓▓
,,,,,,,,,,,,,,,,,,,,,,,,,,,,,+,,,
*********************************
,,,,,,,,,,,,,,,,,,,,,,,,,,,,,,,,,
*********************************
,,,,,,,+,,,,,,,,,,,,,+,,,,,,,,,,,
*********************************
,,,,,,,,,,,,,,,,,,,,,,,,,,,,,,,,,


You could see Jory and a friendly cacodemon.

Vanquished Creatures
  Norris (D)
  Mennas (D)
  2 frost giants (D)
  A vault warden (D)
  Louise (D)
  2 ironheart preservers (D)
  2 stone giants (D)
  2 very ugly things (D)
  A minotaur (D)
  2 fire dragons (D)
  2 yaktaur captains (D)
  3 great orbs of eyes (D)
  2 rakshasas (D)
  3 ice dragons (D)
  A spriggan air mage (D)
  A merfolk aquamancer (D)
  2 ogre magi (D)
  An alligator (D)
  2 death yaks (D)
  A centaur warrior (D)
  A deep troll shaman (D)
  A spriggan berserker (D)
  2 unseen horrors (D)
  An ice devil (D)
  2 hill giants (D)
  2 orb spiders (D)
  A harpy (D)
  2 wolf spiders (D)
  2 griffons (D)
  6 orc sorcerers (D)
  3 cyclopes (D)
  2 ugly things (D)
  A salamander (shapeshifter) (D)
  Maurice (D)
  A black mamba (D)
  Joseph (D)
  An orange demon (D)
  2 fire drakes (D)
  2 demonic crawlers (D)
  A yaktaur (D)
  A red devil (D)
  A tengu conjurer (D)
  3 polar bears (D)
  A merfolk (D)
  A boulder beetle (D)
  2 blink frogs (D)
  A basilisk (D)
  2 wraiths (D)
  A tarantella (D)
  A deep elf mage (D)
  Eustachio (D)
  2 redbacks (D)
  Grum (D)
  4 wolves (D)
  A vampire (D)
  A hungry ghost (D)
  A water moccasin (D)
  A wasp (D)
  An ogre (D)
  2 centaurs (D)
  A swamp drake (D)
  3 orc zombies (D)
  2 porcupines (D)
  5 black bears (D)
  4 orc warriors (D)
  5 giant frogs (D)
  7 crimson imps (D)
  An iguana (D)
  A quasit (D)
  3 orc priests (D)
  5 orc wizards (D)
  A sheep (D)
  2 adders (D)
  2 river rats (D)
  A shadow imp (D)
  A giant mite (D)
  An adder zombie (D)
  5 orcs (D)
  2 hobgoblins (D)
  2 quokkas (D)
  A giant cockroach (D)
  A giant newt (D)
  A kobold (D)
  A rat (D)
  A plant (D)
156 creatures vanquished.

Vanquished Creatures (collateral kills)
  Margery (D)
  Mara (D)
  Frederick (D)
  Nikola (D)
  A stone giant (D)
  An ettin (D)
  Erica (D)
  An alligator snapping turtle (D)
  A naga sharpshooter (D)
  2 hell knights (D)
  2 necromancers (D)
  An orc knight (D)
  5 orc sorcerers (D)
  2 manticores (D)
  2 guardian serpents (D)
  A water nymph (D)
  4 black mambas (D)
  A smoke demon (D)
  A siren (D)
  A queen bee (shapeshifter) (D)
  A water elemental (D)
  A naga (D)
  A water moccasin (D)
  6 orc warriors (D)
  An orc wizard (D)
  An orc priest (D)
  An orc (D)
43 creatures vanquished.

Vanquished Creatures (others)
  3 Executioners (D)
  A cacodemon (D)
  3 balrugs (D)
  A blizzard demon (D)
  3 green deaths (D)
  A yaktaur (D)
  A bog body (D)
  A raven (D)
  A vampire mosquito (D)
  A mottled dragon (D)
  A quokka (D)
  A giant spore (D)
  A ballistomycete (D)
  A fungus (D)
  A plant (D)
21 creatures vanquished.

Grand Total: 220 creatures vanquished

Notes
Turn   | Place    | Note
--------------------------------------------------------------
     0 | D        | Monkaria, the Hill Orc Fighter, began the quest for the Orb.
     0 | D        | Reached XP level 1. HP: 19/19 MP: 1/1
    14 | D        | Reached skill level 4 in Fighting
   117 | D        | Noticed a centaur
   117 | D        | Noticed a centaur
   117 | D        | Noticed an iguana
   118 | D        | Reached XP level 2. HP: 28/28 MP: 2/2
   129 | D        | Killed a centaur
   129 | D        | Reached skill level 7 in Fighting
   129 | D        | Reached skill level 8 in Long Blades
   129 | D        | Reached XP level 3. HP: 5/39 MP: 3/3
   129 | D        | Reached XP level 4. HP: 6/47 MP: 4/4
   137 | D        | Killed a centaur
   137 | D        | Reached skill level 10 in Long Blades
   137 | D        | Reached XP level 5. HP: 33/56 MP: 5/5
   148 | D        | Killed an iguana
   303 | D        | Found a glowing silver altar of Zin.
   303 | D        | Found a glowing golden altar of the Shining One.
   303 | D        | Found an ancient bone altar of Kikubaaqudgha.
   303 | D        | Found a basalt altar of Yredelemnul.
   303 | D        | Found a shimmering altar of Xom.
   303 | D        | Found a radiant altar of Vehumet.
   303 | D        | Found an iron altar of Okawaru.
   304 | D        | Found a burning altar of Makhleb.
   305 | D        | Found a deep blue altar of Sif Muna.
   306 | D        | Found a bloodstained altar of Trog.
   307 | D        | Found a sparkling altar of Nemelex Xobeh.
   308 | D        | Found a white marble altar of Elyvilon.
   309 | D        | Found a roughly hewn altar of Beogh.
   310 | D        | Found a viscous altar of Jiyva.
   311 | D        | Found a corrupted altar of Lugonu.
   312 | D        | Found a blossoming altar of Fedhas.
   313 | D        | Became a worshipper of Makhleb the Destroyer
   314 | D        | Found a snail-covered altar of Cheibriados.
   315 | D        | Found a shadowy altar of Dithmenos.
   316 | D        | Found a stormy altar of Qazlal.
   317 | D        | Found an opulent altar of Gozag.
   318 | D        | Found a sacrificial altar of Ru.
   338 | D        | Got the +2 rapier "Plerphio" {venom, rPois+ Int+4}
   368 | D        | Noticed a hill giant
   368 | D        | Noticed an ogre
   368 | D        | Noticed a giant frog
   368 | D        | Noticed a crimson imp
   368 | D        | Noticed a deep elf mage
   368 | D        | Noticed a wasp
   370 | D        | Killed a giant frog
   370 | D        | Reached skill level 11 in Long Blades
   370 | D        | Reached XP level 6. HP: 39/63 MP: 6/6
   372 | D        | Killed an ogre
   372 | D        | Acquired Makhleb's first power
   372 | D        | Reached skill level 10 in Fighting
   372 | D        | Reached skill level 12 in Long Blades
   372 | D        | Killed a deep elf mage
   372 | D        | Reached skill level 13 in Long Blades
   372 | D        | Reached XP level 7. HP: 13/73 MP: 7/7
   373 | D        | Killed a hill giant
   373 | D        | Reached skill level 14 in Long Blades
   373 | D        | Reached XP level 8. HP: 28/83 MP: 8/8
   373 | D        | Killed a wasp
   373 | D        | Acquired Makhleb's second power
   373 | D        | Reached skill level 15 in Long Blades
   380 | D        | Killed a crimson imp
   391 | D        | Noticed a hill giant
   391 | D        | Noticed a basilisk
   391 | D        | Noticed a cyclops
   391 | D        | Noticed a tengu conjurer
   396 | D        | Killed a basilisk
   398 | D        | Killed a hill giant
   398 | D        | Acquired Makhleb's third power
   398 | D        | Reached skill level 16 in Long Blades
   398 | D        | Reached XP level 9. HP: 46/93 MP: 9/9
   661 | D        | Killed a cyclops
   661 | D        | Reached skill level 17 in Long Blades
   688 | D        | Killed a tengu conjurer
   688 | D        | Acquired Makhleb's fourth power
  1102 | D        | Noticed a blink frog
  1102 | D        | Noticed a giant frog
  1102 | D        | Noticed a blink frog
  1102 | D        | Noticed a porcupine
  1102 | D        | Noticed a fire drake
  1126 | D        | Killed a blink frog
  1126 | D        | Reached skill level 5 in Invocations
  1131 | D        | Killed a blink frog
  1135 | D        | Killed a giant frog
  1136 | D        | Killed a porcupine
  1140 | D        | Killed a fire drake
  1140 | D        | Acquired Makhleb's fifth power
  1140 | D        | Reached skill level 10 in Invocations
  1159 | D        | Noticed a black mamba
  1175 | D        | Killed a black mamba
  1175 | D        | Reached XP level 10. HP: 67/104 MP: 16/24
  1318 | D        | Noticed a fire drake
  1318 | D        | Noticed a giant frog
  1318 | D        | Noticed a giant frog
  1318 | D        | Noticed a porcupine
  1658 | D        | Killed a fire drake
  1663 | D        | Noticed a giant frog
  1665 | D        | Killed a giant frog
  1668 | D        | Killed a giant frog
  1670 | D        | Killed a porcupine
  1674 | D        | Killed a giant frog
  1702 | D        | Noticed a black bear
  1702 | D        | Noticed a polar bear
  1702 | D        | Noticed a polar bear
  1702 | D        | Noticed a black bear
  1702 | D        | Noticed a black bear
  1702 | D        | Noticed a black bear
  1702 | D        | Noticed a polar bear
  1703 | D        | Killed a black bear
  1712 | D        | Killed a polar bear
  1717 | D        | Killed a polar bear
  1717 | D        | Reached skill level 15 in Invocations
  1721 | D        | Noticed a black bear
  1721 | D        | Killed a black bear
  1733 | D        | Killed a polar bear
  1735 | D        | Killed a black bear
  1741 | D        | Killed a black bear
  1751 | D        | Killed a black bear
  1765 | D        | Got the +7 war axe "Egridusa" {elec, rN+ Int+3}
  1841 | D        | Noticed Eustachio
  1842 | D        | Noticed Joseph
  1855 | D        | Killed Joseph
  1855 | D        | Reached skill level 5 in Armour
  1895 | D        | Killed Eustachio
  1943 | D        | Noticed an orc priest
  1943 | D        | Noticed an orc priest
  1943 | D        | Noticed an orc warrior
  1943 | D        | Noticed an orc wizard
  1944 | D        | Killed an orc priest
  1950 | D        | Killed an orc priest
  1951 | D        | Noticed an orc wizard
  1953 | D        | Noticed an orc priest
  1957 | D        | Noticed an orc warrior
  1957 | D        | Killed an orc warrior
  1964 | D        | Killed an orc wizard
  1966 | D        | Noticed an orc wizard
  1978 | D        | Killed an orc warrior
  1979 | D        | Killed an orc priest
  1981 | D        | Killed an orc wizard
  1989 | D        | Killed an orc wizard
  2028 | D        | Noticed an orc warrior
  2028 | D        | Noticed an orc warrior
  2028 | D        | Noticed an orc warrior
  2028 | D        | Noticed an orc knight
  2028 | D        | Noticed an orc warrior
  2028 | D        | Noticed an orc priest
  2034 | D        | Noticed an orc warrior
  2034 | D        | Killed an orc warrior
  2037 | D        | Noticed an orc wizard
  2037 | D        | Killed an orc warrior
  2039 | D        | Noticed an orc warrior
  2041 | D        | Noticed an orc warrior
  2048 | D        | Killed an orc knight
  2054 | D        | Killed an orc warrior
  2055 | D        | Killed an orc warrior
  2055 | D        | Killed an orc warrior
  2065 | D        | Killed an orc warrior
  2068 | D        | Killed an orc priest
  2068 | D        | Reached XP level 11. HP: 24/111 MP: 29/29
  2071 | D        | Killed an orc warrior
  2073 | D        | Killed an orc wizard
  2074 | D        | Noticed an orc warrior
  2078 | D        | Killed an orc warrior
  2377 | D        | Found Gharitis' Jewellery Emporium.
  2377 | D        | Noticed an orc sorcerer
  2377 | D        | Noticed an orc wizard
  2377 | D        | Noticed an orc sorcerer
  2377 | D        | Noticed an orc sorcerer
  2377 | D        | Noticed an orc sorcerer
  2377 | D        | Noticed an orc wizard
  2378 | D        | Found Ifazxuif's Magic Scroll Shoppe.
  2379 | D        | Noticed an orc sorcerer
  2381 | D        | Paralysed by an orc sorcerer for 4 turns
  2390 | D        | Killed an orc sorcerer
  2390 | D        | Reached skill level 10 in Armour
  2391 | D        | Paralysed by an orc sorcerer for 2 turns
  2411 | D        | Killed an orc sorcerer
  2424 | D        | Noticed an orc sorcerer
  2428 | D        | Noticed a sun demon
  2911 | D        | Killed an orc wizard
  2915 | D        | Noticed an ice devil
  2922 | D        | Killed an ice devil
  2932 | D        | Noticed a sun demon
  2936 | D        | Killed an orc sorcerer
  3016 | D        | Noticed a sun demon
  3019 | D        | Paralysed by an orc sorcerer for 7 turns
  3035 | D        | Killed an orc sorcerer
  3298 | D        | Killed an orc sorcerer
  3320 | D        | Killed an orc sorcerer
  3435 | D        | Found Shiabac's Antique Weapon Emporium.
  3437 | D        | Killed an orc wizard
  3446 | D        | Found Kaxummo's Gadget Shoppe.
  3448 | D        | Noticed an orc sorcerer
  3449 | D        | Noticed an orc sorcerer
  3450 | D        | Noticed an orc sorcerer
  3450 | D        | Noticed an orc sorcerer
  3452 | D        | Noticed an orc sorcerer
  3458 | D        | Killed an orc sorcerer
  3463 | D        | Killed an orc sorcerer
  3469 | D        | Killed an orc sorcerer
  3469 | D        | Killed an orc sorcerer
  3469 | D        | Reached skill level 15 in Armour
  3470 | D        | Killed an orc sorcerer
  3493 | D        | Bought a scroll of magic mapping for 45 gold pieces
  3493 | D        | Bought a scroll of blinking for 97 gold pieces
  3493 | D        | Bought a scroll of identify for 26 gold pieces
  3493 | D        | Bought a scroll of immolation for 45 gold pieces
  3530 | D        | Noticed Erica
  3538 | D        | Killed Erica
  3590 | D        | Noticed Maurice
  3597 | D        | Killed Maurice
  3662 | D        | Got the +5 longbow "Bloisal" {velocity, Contam rPois+ Str-3 Dex+2}
  3667 | D        | Got the +12 morningstar of Modesty {venom, Contam rPois+}
  3856 | D        | Bought an uncursed ring of positive energy for 240 gold pieces
  3856 | D        | Bought an uncursed ring of protection from cold for 300 gold pieces
  3856 | D        | Bought an uncursed amulet of resist corrosion for 240 gold pieces
  3856 | D        | Bought an uncursed amulet of clarity for 240 gold pieces
  4003 | D        | Noticed a crimson imp
  4003 | D        | Noticed a crimson imp
  4003 | D        | Noticed a red ugly thing
  4003 | D        | Noticed a centaur warrior
  4003 | D        | Noticed a hungry ghost
  4003 | D        | Noticed a cyan ugly thing
  4004 | D        | Killed a crimson imp
  4005 | D        | Noticed a quasit
  4006 | D        | Killed a crimson imp
  4008 | D        | Noticed a deep troll shaman
  4013 | D        | Noticed a vampire
  4014 | D        | Killed a red ugly thing
  4015 | D        | Noticed an orb spider
  4020 | D        | Killed a centaur warrior
  4025 | D        | Killed an unseen horror
  4028 | D        | Killed a hungry ghost
  4033 | D        | Killed a cyan ugly thing
  4033 | D        | Reached XP level 12. HP: 118/118 MP: 30/30
  4035 | D        | Noticed a frost giant
  4035 | D        | Killed a quasit
  4038 | D        | Killed a deep troll shaman
  4038 | D        | Reached skill level 18 in Armour
  4042 | D        | Killed a vampire
  4051 | D        | an orb spider changed into a queen bee
  4077 | D        | Killed a frost giant
  4077 | D        | Reached skill level 19 in Armour
  4081 | D        | Gained mutation: Armour fits poorly on your strangely shaped body. [mutagenic meat]
  4082 | D        | Gained mutation: Scrolls take you a little longer to read. [mutagenic meat]
  4083 | D        | Gained mutation: You are frail (-10% HP). [mutagenic meat]
  4084 | D        | Gained mutation: You can spit poison. [mutagenic meat]
  4243 | D        | Bought a scroll of identify for 26 gold pieces
  4243 | D        | Bought a scroll of identify for 26 gold pieces
  4255 | D        | Gained mutation: You are agile. (Dex +2) [potion of beneficial mutation]
  4378 | D        | Noticed a purple very ugly thing
  4379 | D        | Noticed a death yak
  4380 | D        | Noticed a minotaur
  4402 | D        | Killed a purple very ugly thing
  4416 | D        | Killed a death yak
  4416 | D        | Reached skill level 20 in Armour
  4426 | D        | Killed a minotaur
  4678 | D        | Noticed an orb spider
  4678 | D        | Noticed a wolf spider
  4678 | D        | Noticed a demonic crawler
  4678 | D        | Noticed a tarantella
  4678 | D        | Noticed a demonic crawler
  4678 | D        | Noticed a redback
  4678 | D        | Noticed a wolf spider
  4683 | D        | Killed an orb spider
  4685 | D        | Noticed a redback
  4687 | D        | Noticed an orb spider
  4691 | D        | Killed a wolf spider
  4734 | D        | Killed a demonic crawler
  4738 | D        | Killed a tarantella
  4781 | D        | Killed a demonic crawler
  4783 | D        | Killed a redback
  4788 | D        | Killed a wolf spider
  4788 | D        | Reached skill level 10 in Shields
  4790 | D        | Killed a redback
  4803 | D        | Killed an orb spider
  4842 | D        | Noticed a siren
  4842 | D        | Noticed a water nymph
  4842 | D        | Noticed a merfolk aquamancer
  4842 | D        | Noticed an alligator snapping turtle
  4842 | D        | Noticed a manticore
  4842 | D        | Noticed a manticore
  4842 | D        | Noticed a water elemental
  4846 | D        | Killed a siren
  4846 | D        | Reached skill level 1 in Dodging
  4848 | D        | Killed a water nymph
  4853 | D        | Killed an alligator snapping turtle
  4855 | D        | Killed a manticore
  4856 | D        | Killed a manticore
  4857 | D        | Noticed a merfolk
  4857 | D        | Killed a water elemental
  4871 | D        | Killed a merfolk aquamancer
  4871 | D        | Reached skill level 5 in Dodging
  4879 | D        | Killed a merfolk
  4899 | D        | Noticed a naga sharpshooter
  4899 | D        | Noticed a guardian serpent
  4899 | D        | Noticed a black mamba
  4899 | D        | Noticed a water moccasin
  4899 | D        | Noticed a black mamba
  4899 | D        | Noticed a guardian serpent
  4899 | D        | Noticed a black mamba
  4905 | D        | Killed a naga sharpshooter
  4907 | D        | Killed a guardian serpent
  4908 | D        | Killed a black mamba
  4910 | D        | Killed a black mamba
  4910 | D        | Reached XP level 13. HP: 64/112 MP: 31/31
  4910 | D        | Killed a water moccasin
  4913 | D        | Noticed a naga
  4913 | D        | Killed a guardian serpent
  4916 | D        | Noticed a black mamba
  4916 | D        | Killed a naga
  4919 | D        | Killed a black mamba
  4921 | D        | Killed a black mamba
  5112 | D        | Noticed a water moccasin
  5112 | D        | Noticed a swamp drake
  5112 | D        | Noticed a vampire mosquito
  5112 | D        | Noticed a bog body
  5113 | D        | Noticed an alligator
  5140 | D        | Killed a bog body
  5142 | D        | Noticed a raven
  5147 | D        | Killed a raven
  5148 | D        | Killed a water moccasin
  5154 | D        | Killed a vampire mosquito
  5157 | D        | Killed a swamp drake
  5162 | D        | Killed an alligator
  5203 | D        | Noticed Margery
  5203 | D        | Noticed a necromancer
  5203 | D        | Noticed a hell knight
  5204 | D        | Noticed a hell knight
  5212 | D        | Killed a hell knight
  5621 | D        | Killed Margery
  5621 | D        | Reached skill level 10 in Dodging
  5691 | D        | Killed a necromancer
  5703 | D        | Noticed a necromancer
  5709 | D        | Killed a necromancer
  5811 | D        | Killed a hell knight
  6131 | D        | Noticed a wolf
  6132 | D        | Noticed a wolf
  6132 | D        | Noticed Grum
  6135 | D        | Killed a wolf
  6137 | D        | Killed a wolf
  6144 | D        | Killed Grum
  6158 | D        | Noticed a wolf
  6163 | D        | Killed a wolf
  6166 | D        | Noticed a wolf
  6169 | D        | Killed a wolf
  6244 | D        | Noticed a spriggan air mage
  6244 | D        | Noticed a salamander
  6244 | D        | Noticed a rakshasa
  6244 | D        | Noticed a rakshasa
  6244 | D        | Noticed an ettin
  6244 | D        | Noticed a stone giant
  6244 | D        | Noticed a fire dragon
  6250 | D        | Noticed a stone giant
  6259 | D        | Killed a spriggan air mage
  6268 | D        | Noticed a white very ugly thing
  6269 | D        | Killed a salamander
  6279 | D        | Killed a rakshasa
  6284 | D        | Killed a rakshasa
  6286 | D        | Noticed an ice dragon
  6289 | D        | Noticed a death yak
  6299 | D        | Killed a stone giant
  6310 | D        | Killed an ettin
  6643 | D        | Killed a fire dragon
  6673 | D        | Killed a stone giant
  6856 | D        | Killed a white very ugly thing
  6868 | D        | Noticed a spriggan berserker
  6885 | D        | Killed a spriggan berserker
  6989 | D        | Killed a death yak
  7083 | D        | Killed an ice dragon
  7083 | D        | Reached skill level 15 in Dodging
  7293 | D        | Noticed a frost giant
  7294 | D        | Noticed an ice dragon
  7295 | D        | Noticed a great orb of eyes
  7304 | D        | Noticed a yaktaur
  7306 | D        | Noticed an ogre mage
  7312 | D        | Killed a frost giant
  7329 | D        | Killed an ice dragon
  7335 | D        | Killed an ogre mage
  7335 | D        | Reached XP level 14. HP: 110/119 MP: 32/32
  7341 | D        | Killed a great orb of eyes
  7344 | D        | Killed a yaktaur
  7357 | D        | Noticed a stone giant
  7387 | D        | Killed a stone giant
  7545 | D        | Noticed a wraith
  7545 | D        | Noticed an ironheart preserver
  7545 | D        | Noticed an ogre mage
  7545 | D        | Noticed a yaktaur
  7545 | D        | Noticed a mottled dragon
  7545 | D        | Noticed a boulder beetle
  7550 | D        | Noticed a great orb of eyes
  7550 | D        | Killed a mottled dragon
  7552 | D        | Noticed a wraith
  7554 | D        | Killed an unseen horror
  7558 | D        | Killed a yaktaur
  7559 | D        | Killed an ogre mage
  7571 | D        | Killed a wraith
  7575 | D        | Killed an ironheart preserver
  7584 | D        | Killed a boulder beetle
  7591 | D        | Killed a great orb of eyes
  7599 | D        | Killed a wraith
  7607 | D        | Noticed a cyclops
  7608 | D        | Noticed a cyclops
  7609 | D        | Noticed a yaktaur captain
  7610 | D        | Noticed a griffon
  7611 | D        | Noticed an ironheart preserver
  7612 | D        | Noticed a fire dragon
  7612 | D        | Noticed a harpy
  7613 | D        | Noticed a griffon
  7626 | D        | Killed a cyclops
  7631 | D        | Killed a cyclops
  7631 | D        | Reached skill level 15 in Fighting
  7632 | D        | Noticed a vault warden
  7639 | D        | Noticed a yaktaur captain
  7645 | D        | Killed a yaktaur captain
  7654 | D        | Killed a griffon
  7657 | D        | Killed an ironheart preserver
  7673 | D        | Killed a fire dragon
  7675 | D        | Killed a harpy
  7684 | D        | Killed a griffon
  7708 | D        | Killed a vault warden
  7713 | D        | Killed a yaktaur captain
  7723 | D        | Noticed an ice dragon
  7724 | D        | Noticed a great orb of eyes
  7737 | D        | Killed an ice dragon
  7739 | D        | Paralysed by a great orb of eyes for 2 turns
  7748 | D        | Killed a great orb of eyes
  7800 | D        | Noticed Norris
  7821 | D        | Paralysed by Norris for 7 turns
  7830 | D        | Killed Norris
  7979 | D        | Noticed Mennas
  8036 | D        | Killed Mennas
  8239 | D        | Noticed Nikola
  8240 | D        | Noticed Louise
  8243 | D        | Killed Louise
  8244 | D        | Noticed Mara
  8251 | D        | Noticed Boris
  8254 | D        | Noticed Monkaria's illusion
  8256 | D        | Noticed Frederick
  8258 | D        | Noticed Jory
  8278 | D        | Killed Mara
  8286 | D        | Killed Nikola
  8286 | D        | Reached XP level 15. HP: 85/136 MP: 32/32
  8291 | D        | Killed Frederick
  8323 | D        | Killed from afar by Jory

Action                   |  1- 3 |  4- 6 |  7- 9 | 10-12 | 13-15 || total
-------------------------+-------+-------+-------+-------+-------++-------
Melee: Long sword        |    33 |    17 |       |       |       ||    50
       Scimitar          |       |     1 |    82 |   375 |   501 ||   959
       Rapier            |       |       |       |    92 |     4 ||    96
Throw: Throwing net      |       |       |       |       |     1 ||     1
Invok: Greater Servant o |       |       |       |     6 |    10 ||    16
Evoke: Wand              |       |     2 |     5 |       |       ||     7
  Use: Potion            |       |     1 |       |     1 |    13 ||    15
       Scroll            |       |       |     6 |     5 |     4 ||    15
 Stab: Confused          |       |       |       |       |     1 ||     1
  Eat: Meat ration       |       |       |       |     2 |     1 ||     3
       Chunk             |       |       |       |     8 |     6 ||    14
